 Dungeon Crawl Stone Soup version 0.21-a0-140-g479285b (webtiles) character file.

287 tilp the Chopper (level 6, -3/37 HPs)
             Began as a Gargoyle Fighter on July 19, 2017.
             Was a Follower of Makhleb.
             Slain by an ogre
             ... wielding a +0 giant club
              (21 damage)
             ... on level 4 of the Dungeon.
             The game lasted 00:06:56 (2366 turns).

tilp the Chopper (Gargoyle Fighter)                 Turns: 2366, Time: 00:06:57

Health: -3/37      AC: 13    Str: 21    XL:     6   Next: 30%
Magic:  6/6        EV:  5    Int:  9    God:    Makhleb [*.....]
Gold:   129        SH: 10    Dex:  9    Spells: 5/5 levels left

rFire    . . .     SeeInvis .   a - +0 war axe
rCold    . . .     Gourm    .   y - +1 shield {reflect}
rNeg     + . .     Faith    .   j - +0 chain mail
rPois    ∞         Spirit   .   (no helmet)
rElec    +         Reflect  +   (no cloak)
rCorr    .         Harm     .   (no gloves)
MR       .....                  (no boots)
Stlth    ..........             (no amulet)
HPRegen  0.12/turn              (no ring)
MPRegen  0.10/turn              (no ring)

@: no status effects
A: negative energy resistance 1, electricity resistance, unbreathing,
petrification resistance, rot immunity, AC +4
a: Renounce Religion


You were on level 4 of the Dungeon.
You worshipped Makhleb.
Makhleb was aware of your devotion.
You were not hungry.

You visited 1 branch of the dungeon, and saw 4 of its levels.

You collected 129 gold pieces.

Inventory:

Hand Weapons
 a - a +0 war axe (weapon)
 m - a +0 dagger of holy wrath
Missiles
 o - 6 tomahawks (quivered)
Armour
 c - a +0 shield
 j - a +0 chain mail (worn)
 y - a +1 shield of reflection (worn)
Scrolls
 l - 3 scrolls of teleportation {unknown}
 n - 2 scrolls of identify
 r - 2 scrolls of remove curse
 t - a scroll of amnesia {unknown}
 u - a scroll of immolation {unknown}
 w - 2 scrolls of enchant weapon {unknown}
 x - a scroll of noise {unknown}
 z - a scroll of enchant armour {unknown}
Potions
 d - a potion of might
 e - 4 potions of haste {unknown}
 i - 3 potions of curing {unknown}
 k - a potion of brilliance {unknown}
 p - a potion of ambrosia {unknown}
 q - a potion of berserk rage {unknown}
 s - a potion of magic {unknown}
 v - a potion of flight {unknown}
 A - a potion of agility {unknown}
Comestibles
 b - a chunk of flesh
 f - 5 bread rations
 g - 2 fruits
 h - 2 meat rations


   Skills:
 - Level 3.2 Fighting
 + Level 5.9 Axes
 - Level 3.2 Armour
 - Level 3.2 Shields


You had 5 spell levels left.
You didn't know any spells.

Dungeon Overview and Level Annotations

Branches:
Dungeon (4/15)
 Temple: D:4-7

Altars:
Hepliaklqana
Makhleb
Uskayaw


Innate Abilities, Weirdness & Mutations

You are resistant to torment.
Your stone body is resilient. (AC +4)
You are immune to poison.
You resist negative energy. (rN+)
You are resistant to electric shocks. (rElec)
You can survive without breathing.
You are immune to petrification.
You are immune to rotting.


Message History

The ogre is moderately wounded.
You block the ogre's attack.
You barely miss the ogre.
The ogre is moderately wounded.
The ogre hits you with a giant club!!
Ouch! That really hurt!
You hit the ogre.
The ogre is severely wounded.
The ogre barely misses you.
You hit the ogre but do no damage.
The ogre is severely wounded.
You block the ogre's attack.
You hit the ogre.
The ogre is severely wounded.
The ogre hits you but does no damage.
Your chain mail prevents you from hitting the ogre.
The ogre is severely wounded.
The ogre hits you with a giant club!!
Ouch! That really hurt!
You die...

...............
......(........
...............
...............
...............
...............
.......O.......
#####@#######
#.......#...#
+.......#...#
#.......#...#
###...###...#
##...###...#
#..........#
+..........## #
#...........# +


You could see an ogre.

Vanquished Creatures
  The ghost of Ladykiller69 the Magician, an amateur GnWz (D:3)
  An orc wizard (D:3)
  A centaur skeleton (D:4)
  Terence (D:2)
  6 adders
  2 oozes
  2 worms
  A dart slug (D:2)
  2 orcs (D:3)
  4 bats
  3 giant cockroaches
  13 goblins
  7 hobgoblins
  4 jackals (D:3)
  2 kobolds (D:1)
  A ball python (D:2)
  A frilled lizard (D:4)
  11 rats
63 creatures vanquished.

Notes
Turn   | Place    | Note
-------+----------+-------------------------------------------
     0 | D:1      | tilp the Gargoyle Fighter began the quest for the Orb.
     0 | D:1      | Reached XP level 1. HP: 14/14 MP: 1/1
    29 | D:1      | Reached skill level 2 in Axes
   151 | D:1      | Reached XP level 2. HP: 19/19 MP: 2/2
   641 | D:1      | Reached skill level 3 in Axes
   670 | D:1      | Reached XP level 3. HP: 22/23 MP: 3/3
   844 | D:2      | Noticed a hand axe
   845 | D:2      | Noticed a hand axe
   846 | D:2      | Found a hide-covered altar of Uskayaw.
   907 | D:2      | Noticed Terence
   941 | D:2      | Killed Terence
   941 | D:2      | Reached skill level 4 in Axes
   941 | D:2      | Reached XP level 4. HP: 28/28 MP: 4/4
  1114 | D:2      | Found a burning altar of Makhleb.
  1166 | D:2      | Became a worshipper of Makhleb the Destroyer
  1642 | D:3      | Reached XP level 5. HP: 32/32 MP: 5/5
  1818 | D:3      | Found a hazy altar of Hepliaklqana.
  1886 | D:3      | Reached * piety under Makhleb
  1890 | D:3      | Noticed Ladykiller69's ghost (amateur GnWz)
  1914 | D:3      | Killed Ladykiller69's ghost
  1914 | D:3      | Reached skill level 5 in Axes
  1929 | D:3      | Reached XP level 6. HP: 32/37 MP: 6/6
  2366 | D:4      | Slain by an ogre

Vault maps used:
D:1:      minmay_arrival_jagged, kennysheep_minor_cross
D:2:      dancing_weapons_uskayaw, lemuel_tele_altar, uniq_terence
D:3:      nicolae_overflow_crystal_walls, first_bread
D:4:      lemuel_doored_altar, minmay_temple_entry_enclosed_plants, uniq_robin

Skill      XL: |  1  2  3  4  5 |
---------------+----------------+-----
Axes           | 2 3 4 5 |  5.9
Fighting       | |  3.2
Armour         | |  3.2
Shields        | |  3.2

Action                   |  1- 3 |  4- 6 || total
-------------------------+-------+-------++-------
Melee: War axe           |   157 |   138 ||   295
Throw: Tomahawk          |       |     3 ||     3
  Use: Scroll            |     2 |       ||     2
  Eat: Chunk             |       |     5 ||     5
Armor: Chain mail        |   164 |    74 ||   238
       Scale mail        |     6 |       ||     6
Dodge: Dodged            |    45 |    27 ||    72
Block: Shield            |   123 |    72 ||   195
       Reflection        |       |     5 ||     5
